 Dungeon Crawl Stone Soup version 0.27-a0-906-g0a00ce863d (webtiles) character file.

Game seed: 2102474047690263784

113 wakim the Insei (level 4, -2/28 HPs)
             Began as an Octopode Transmuter on Apr 6, 2021.
             Slain by a gnoll
             ... wielding a +0 halberd
              (9 damage)
             ... on level 3 of the Dungeon.
             The game lasted 00:06:41 (3054 turns).

wakim the Insei (Octopode Transmuter)               Turns: 3054, Time: 00:06:41

Health: -2/28      AC:  1    Str: 15    XL:     4   Next: 96%
Magic:  7/7        EV: 13    Int: 16    God:
Gold:   98         SH:  0    Dex: 12    Spells: 3/7 levels left

rFire    . . .     SeeInvis .     - Unarmed
rCold    + . .     Faith    .   (no shield)
rNeg     . . .     Spirit   .   (helmet restricted)
rPois    .         Reflect  .   (no amulet)
rElec    .         Harm     .   c - ring of protection from cold
rCorr    .         Rampage  .   e - +6 ring of strength
Will     .....                  (no ring)
Stlth    +++.......             (no ring)
HPRegen  0.09/turn              (no ring)
MPRegen  0.10/turn              (no ring)
                                (no ring)
                                (no ring)

@: no status effects
A: almost no armour, amphibious, 8 rings, camouflage 1, gelatinous body 1,
(nimble swimmer 1), tentacles
a: no special abilities


You were on level 3 of the Dungeon.
You visited 1 branch of the dungeon, and saw 3 of its levels.

You collected 98 gold pieces.

Inventory:

Missiles
 g - 10 poisoned darts
Jewellery
 c - a ring of protection from cold (left tentacle)
 e - a +6 ring of strength (right tentacle)
Scrolls
 T - 2 scrolls of teleportation
Potions
 a - a potion of lignification {unknown}
 b - a potion of curing {unknown}
 d - a potion of might {unknown}
 f - 2 potions of berserk rage {unknown}
 B - a potion of attraction
 K - a potion of magic


   Skills:
 - Level 1.0 Fighting
 + Level 2.7 Dodging
 * Level 3.9 Stealth
 * Level 4.1 Unarmed Combat
 + Level 2.0 Spellcasting
 * Level 2.0 Transmutations
 + Level 0.0 Poison Magic


You had 3 spell levels left.
You knew the following spells:

 Your Spells              Type           Power      Damage    Failure   Level
a - Beastly Appendage     Tmut           16%        N/A       9%          1
x - Spider Form           Tmut/Pois      2%         N/A       38%         3

Your spell library contained the following spells:

 Spells                   Type           Power      Damage    Failure   Level
 Wereblood                Tmut           8%         N/A       14%         2
 Confusing Touch          Hex            1%         N/A       52%         3
 Gell's Gravitas          Tloc           0%         N/A       52%         3
 Ice Form                 Ice/Tmut       4%         N/A       80%         4
 Petrify                  Tmut/Erth      4%         N/A       80%         4
 Hydra Form               Tmut           4%         N/A       94%         5
 Yara's Violent Unravell  Hex/Tmut       2%         3d3       98%         5
 Metabolic Englaciation   Hex/Ice        0%         N/A       99%         5


Dungeon Overview and Level Annotations

Branches:
Dungeon (3/15)

Altars:
Dithmenos

Shops:
D:2 *


Innate Abilities, Weirdness & Mutations

You cannot wear most types of armour.
You are amphibious.
You can wear up to eight rings at the same time.
Your skin changes colour to match your surroundings (Stealth+).
Your rubbery body absorbs attacks. (AC +1, EV +1)
((You are camouflaged near water. (Stealth+)))
You have tentacles for arms and can constrict up to eight enemies at once.


Message History

The bat struggles to escape constriction.
The bat escapes!
The bat hits you.
You tentacle-slap the goblin. Your grab misses the goblin.
You pierce the goblin.
You kill the goblin!
The bat hits you.
You closely miss the bat. Your grab misses the bat.
You pierce the bat.
You kill the bat!
Your transformation is almost over.
Your tentacle spike disappears.
HP restored.
Things that are here:
a +0 dagger; a bat corpse; a goblin corpse
Found 16 stones.
b - a murky brown potion
Okay, then.
There is an escape hatch in the ceiling here.
Found 24 stones.
The gnoll shouts!
Casting: Beastly Appendage (safe; 9% risk of failure)
Confirm with . or Enter, or press ? or * to list all spells.
The spell is extremely dangerous to cast (38% risk of failure)!
Continue anyway?
You turn into a venomous arachnid creature.
Your transformation is almost over.
The gnoll closely misses you. The gnoll misses you.
The gnoll shouts! x2
You hit the gnoll but do no damage.
The gnoll is poisoned.
The gnoll hits you from afar with a +0 halberd!
The gnoll hits you with a +0 halberd!
* * * LOW HITPOINT WARNING * * *
The gnoll hits you from afar with a +0 halberd.
* * * LOW HITPOINT WARNING * * *
The gnoll completely misses you.
Your transformation has ended.
The gnoll looks more healthy.
An endoplasm comes into view.
The gnoll hits you from afar with a +0 halberd!
You die...

#.#.#.#.##.##.##...# #..# .....
....#.#.##....##...# #..# #.§.§.
...##.#.##.........####g.#.#§§§§§
...##......................§§#§§§
...###.....#...............#.##§.
...# #.....#.......g.........# #§
..## ###...#......g#......##.####
.#######...#.......#......##..#..
....†...........@..............#.
.#######...#J.##.#.......####.##.
.#####........##.#####........#..
.........................######..
.>...........^##.##.###..........
.....#....#...#..................
###.##....#...#..##......#.......
..........#......##...........#.#
###.#.....#......##......#.##....


You could see 3 gnolls and an endoplasm (wandering).

Vanquished Creatures
  Jessica (D:2)
  4 adders (D:3)
  2 worms
  A dart slug (D:3)
  6 bats
  6 endoplasms
  A giant cockroach (D:3)
  3 goblins
  6 hobgoblins
  A quokka (D:2)
  A ball python (D:1)
  3 frilled lizards
  6 kobolds
  A rat (D:1)
42 creatures vanquished.

Vanquished Creatures (others)
  7 withered plants (D:1)
7 creatures vanquished.

Grand Total: 49 creatures vanquished

Notes
Turn   | Place    | Note
-------+----------+-------------------------------------------
     0 | D:1      | wakim the Octopode Transmuter began the quest for the Orb.
     0 | D:1      | Reached XP level 1. HP: 13/13 MP: 3/3
   457 | D:1      | Reached skill level 1 in Stealth
   635 | D:1      | Reached XP level 2. HP: 18/18 MP: 3/5
   919 | D:1      | Found a faded altar of an unknown god.
  1321 | D:2      | Found Apniq's General Store.
  1428 | D:2      | Reached XP level 3. HP: 23/23 MP: 4/6
  1686 | D:2      | Noticed Jessica
  1692 | D:2      | Learned a level 3 spell: Spider Form
  1695 | D:2      | Killed Jessica
  2112 | D:3      | Reached XP level 4. HP: 18/28 MP: 5/7
  2541 | D:3      | Reached skill level 4 in Unarmed Combat
  2581 | D:3      | Found a shadowy altar of Dithmenos.
  3054 | D:3      | Slain by a gnoll

Illustrated notes

Levels and vault maps discovered:
D:1:      grunt_arrival_crossed_arrows, layout_basic,
          shapermc_ecumenical_altar_flowoftime, grunt_decor_fettered
D:2:      layout_basic, serial_shops, nicolae_shop_behind_doors,
          minmay_misc_feat_enclosed, nrook_mini_backslash,
          chequers_serial_rivers_micro_d, uniq_jessica
D:3:      layout_basic, nicolae_dithmenos_the_darkroom, item_on_display_a

Skill      XL: |  1  2  3  4 |
---------------+-------------+-----
Stealth        | 1 2 3 |  3.9
Unarmed Combat | 4 |  4.1
Fighting       | |  1.0
Dodging        | |  2.7
Spellcasting   | |  2.0
Transmutations | |  2.0

Action                   |  1- 3 |  4- 6 || total
-------------------------+-------+-------++-------
Melee: Unarmed           |    56 |    31 ||    87
       Kick              |    16 |    10 ||    26
       Constrict         |    23 |     7 ||    30
       Punch             |     2 |       ||     2
       Tentacles         |     4 |     9 ||    13
 Cast: Beastly Appendage |    22 |    15 ||    37
       Spider Form       |       |     1 ||     1
  Use: Scroll            |     4 |     1 ||     5
 Stab: Sleeping          |     6 |     4 ||    10
Armor: Skin              |     2 |     2 ||     4
Dodge: Dodged            |    20 |    20 ||    40

Table legend: (Time is in decaauts)
 A = Elapsed time spent in this place.
 B = Non-inter-level travel time spent in this place.
 C = Inter-level travel time spent in this place.
 D = Time resting spent in this place.
 E = Time spent auto-exploring this place.
 F = Levels seen in this place.
 G = Mean time per level.
                   A        B        C        D        E       F      G
               +--------+--------+--------+--------+--------+-----+--------+
         Total |   3048 |   2929 |    119 |      3 |   2326 |   3 | 1016.0 |
       Dungeon |   3048 |   2929 |    119 |      3 |   2326 |   3 | 1016.0 |
               +--------+--------+--------+--------+--------+-----+--------+

Top non-repeatable levels by time:
     D:1: 1137 daAuts
     D:3: 995 daAuts
     D:2: 915 daAuts
